cohdb
Replays
Latest Replays
All Replays
Popular Replays
Top Player Replays
Match Explorer
How It Works
Community
CoH3 Stats
Reddit
Sign in to upload your games and track your stats! →
Sign in with Steam
Match 38190241
Unlisted
Match 38190241
Overview
Messages
Build Orders
End
Construct Section Command Post
Infantry Section
Selects Australian Defense Battlegroup
Selects Australian Light Infantry Section
Australian Light Infantry Section
Australian Light Infantry Section
Construct Platoon Command Post
Selects 2-pounder Anti-tank Gun Team
2-pounder Anti-tank Gun Team
Unlock M3 Stuart Light Tanks
M3 Stuart Light Tank
Vickers Machine Gun Team
Construct Company Command Post
Infantry Training
Crusader II Medium Tank
Selects Vehicle Over Repair
Selects CMP 15cwt Supply Run
Royal Engineer Section
Crusader II Medium Tank
CMP 15cwt Truck
Dahlian
Random_Target
just a chill world leader ♡
Turtleboy
Stevel
Toasty McToastFace
Thunderhill
Lord Curzon
0
0
Comments
sign in to comment!
No comments posted yet!